Map: Defender's Landing LE

Players

Juxtapose - Winner!

  • Race: Zerg Zerg
  • Spawn Location: 1:00

Valeriano

  • Race: Zerg Zerg
  • League: Gold
  • Spawn Location: 7:00

VOD

https://youtu.be/ho48yngAL_I

Description

This is now my most memorable public Multiplayer match to date.

My opponent was very good and things went back and forth a bit. I surprised him with my Mutalisks and was counting on him overreacting with anti-air while I sneakily switched to Ultralisks, and it resulted in a base-race!

Time

  • Played on: May 14, 2017, 3:36 p.m.
  • Length: 19:04
Show
View Real Time Build Order
Export as new Build Order

Juxtapose Zerg - Winner!

Build Orders: Pool First 

Get SALT Encoding   

  12  0:01  Drone  
  13  0:13  Overlord  
  13  0:19  Drone  
  14  0:32  Drone  
  15  0:41  Drone, Spawning Pool  
  15  0:47  Drone  
  16  0:56  Drone  
  17  1:09  Drone  
  17  1:10  Overlord  
  18  1:20  Drone  
  19  1:27  Queen  
  21  1:33  Drone  
  21  1:37  Extractor  
  21  1:41  Zergling x2  
  22  1:47  Extractor  
  21  1:55  Drone  
  22  2:16  Zergling x4  
  24  2:31  Spine Crawler, Queen  
  24  2:32  Hatchery  
  24  2:34  Drone  
  25  2:38  Extractor  
  24  2:48  Zergling x8  
  28  3:00  Drone  
  28  3:03  Metabolic Boost  
  29  3:16  Drone  
  30  3:33  Roach Warren, Drone  
  30  3:34  Overlord  
  28  4:00  Drone x3  
  28  4:02  Drone x2  
  31  4:16  Drone  
  32  4:19  Spine Crawler  
  32  4:20  Queen  
  32  4:23  Queen  
  35  4:33  Drone  
  35  4:34  Overlord  
  36  4:46  Drone x3  
  36  4:49  Drone  
  40  4:54  Roach  
  40  4:55  Roach  
  44  5:07  Lair  
  44  5:28  Drone  
  44  5:29  Drone x6  
  50  5:40  Extractor  
  50  5:42  Extractor  
  48  5:49  Drone x3  
  51  5:50  Overlord x2  
  51  6:07  Spire  
  50  6:16  Drone x5  
  50  6:18  Drone x5  
  59  6:19  Roach  
  62  6:58  Evolution Chamber  
  61  7:11  Hatchery  
  60  7:16  Glial Reconstitution  
  60  7:21  Mutalisk x3  
  66  7:23  Overlord x2  
  66  7:27  Zerg Ground Armor Level 1  
  66  7:29  Zerg Flyer Armor Level 1  
  66  7:45  Infestation Pit  
  66  7:50  Extractor  
  66  7:51  Mutalisk x7  
  64  7:54  Overlord x2  
  64  7:55  Extractor, Zergling x4  
  64  7:56  Zergling x8  
  64  7:58  Overlord  
  83  8:02  Overseer  
  83  8:30  Mutalisk x3  
  83  8:31  Mutalisk  
  83  8:32  Overlord x2  
  91  8:52  Drone x2  
  91  8:53  Drone x7  
  100  9:13  Spine Crawler  
  100  9:16  Mutalisk  
  100  9:17  Mutalisk x4  
  99  9:23  Zerg Flyer Weapons Level 1  
  109  9:26  Zergling x8  
  113  9:33  Zergling x12  
  119  10:11  Mutalisk x3  
  119  10:12  Mutalisk x2  
  119  10:13  Zergling x2  
  96  10:32  Zergling x2  
  96  10:33  Zergling x14  
  96  10:34  Zergling x6  
  101  10:49  Zergling x14  
  97  10:50  Zergling x6  
  91  11:03  Queen  
  93  11:05  Queen  
  93  11:09  Hive  
  95  11:35  Drone x5  
  100  11:50  Drone x2  
  100  11:51  Drone x7  
  100  11:52  Drone x2  
  111  11:58  Zerg Melee Weapons Level 1  
  111  11:59  Zerg Flyer Weapons Level 2  
  111  12:08  Drone x3  
  114  12:13  Drone x2  
  114  12:14  Drone  
  117  12:20  Drone x2  
  119  12:26  Queen  
  121  12:36  Ultralisk Cavern  
  120  13:10  Hatchery  
  119  13:26  Extractor  
  118  13:27  Extractor  
  118  13:31  Chitinous Plating  
  123  13:34  Ultralisk x2  
  123  13:35  Overlord x2  
  123  13:36  Overlord x2  
  123  13:38  Zergling x2  
  130  14:01  Ultralisk x4  
  154  14:04  Ultralisk  
  154  14:06  Zergling x2  
  154  14:09  Overlord  
  161  14:26  Pneumatized Carapace  
  127  15:13  Zergling x10  
  127  15:14  Zergling x14  
  117  15:15  Zergling x14  
  117  15:16  Zergling x14  
  117  15:17  Zergling x6  
  130  15:34  Drone x4  
  130  15:35  Drone x2, Zergling x10  
  128  15:56  Zergling x12  
  108  16:22  Zergling x2  
  108  16:23  Zergling x16  
  108  16:24  Zergling x10  
  85  16:47  Ultralisk x5  
  85  16:48  Ultralisk  
  115  17:08  Zergling x16  
  115  17:09  Zergling x4  
  103  17:16  Hatchery  
  103  17:19  Queen  
  103  17:22  Queen  
  101  17:32  Corruptor  
  101  17:35  Corruptor  
  104  17:49  Zergling x6  
  104  17:50  Zergling x8  
  110  17:55  Queen  
  93  18:27  Zergling x4  
  93  18:28  Zergling x8  
  93  18:33  Hatchery  
Show
View Real Time Build Order
Export as new Build Order

Valeriano Zerg 

Build Orders: Pool First, Muta Ling Bane 

Get SALT Encoding   

  12  0:01  Drone  
  13  0:10  Drone  
  14  0:22  Overlord  
  14  0:37  Spawning Pool  
  14  0:39  Drone  
  14  0:56  Extractor  
  13  1:01  Drone x3  
  16  1:21  Hatchery  
  15  1:31  Queen  
  17  1:34  Zergling x2  
  17  1:38  Zergling x2  
  19  1:45  Extractor  
  19  1:46  Drone  
  19  1:53  Drone  
  20  2:06  Queen  
  22  2:15  Overlord  
  22  2:35  Drone x2  
  22  2:36  Drone  
  25  2:43  Overlord, Drone x3  
  28  2:58  Queen  
  28  3:02  Drone x2  
  28  3:03  Drone  
  33  3:08  Drone  
  33  3:09  Drone  
  35  3:18  Metabolic Boost  
  35  3:25  Spine Crawler x2  
  33  3:29  Zergling x2  
  33  3:30  Zergling x2  
  35  3:40  Zergling x2  
  36  3:42  Overlord  
  36  3:48  Spine Crawler  
  36  3:51  Spine Crawler  
  34  4:15  Overlord  
  34  4:16  Drone x2  
  34  4:17  Drone x3  
  39  4:29  Baneling Nest  
  38  4:33  Evolution Chamber, Lair  
  38  4:38  Drone x3  
  40  4:42  Drone  
  40  4:43  Drone x3  
  44  5:00  Overlord  
  44  5:02  Zergling x8  
  48  5:18  Zerg Melee Weapons Level 1  
  48  5:21  Overlord  
  48  5:22  Zergling x6  
  48  5:24  Zergling x8  
  48  5:25  Zergling x4  
  57  5:44  Drone x3  
  57  5:48  Extractor  
  57  5:49  Drone  
  60  6:02  Hatchery  
  59  6:13  Queen  
  59  6:14  Queen  
  59  6:16  Overlord  
  59  6:17  Zergling x6  
  59  6:18  Zergling x4  
  68  6:20  Centrifical Hooks  
  68  6:43  Overlord  
  68  6:44  Drone x2  
  68  6:45  Drone x4  
  68  6:46  Drone  
  75  6:59  Drone, Extractor  
  75  7:01  Overlord x3, Queen  
  77  7:21  Zerg Ground Armor Level 1  
  77  7:24  Drone x3  
  80  7:34  Infestation Pit  
  79  7:37  Spire  
  79  7:38  Drone  
  79  7:39  Drone x6  
  79  7:40  Drone  
  86  7:47  Overlord  
  86  7:48  Overlord, Extractor  
  86  7:49  Drone x3  
  88  8:14  Hive  
  88  8:16  Burrow  
  88  8:18  Pneumatized Carapace  
  88  8:20  Unknown  
  88  8:23  Zergling x2  
  88  8:24  Zergling x10  
  88  8:25  Zergling x2  
  88  8:26  Infestor  
  97  8:43  Extractor  
  97  8:46  Drone x3, Extractor  
  97  8:48  Drone x4  
  100  8:54  Spore Crawler  
  101  8:58  Spore Crawler  
  101  8:59  Drone  
  101  9:00  Drone x2  
  101  9:02  Mutalisk x4  
  105  9:04  Zergling x2  
  105  9:05  Zergling x8  
  116  9:17  Queen  
  116  9:21  Zerg Flyer Armor Level 1  
  116  9:22  Hatchery  
  117  9:24  Baneling x2  
  117  9:25  Baneling x5  
  117  9:27  Queen  
  119  9:35  Overseer x3  
  119  9:42  Spore Crawler  
  118  9:48  Spore Crawler  
  117  10:11  Mutalisk  
  117  10:12  Mutalisk x3  
  117  10:13  Mutalisk x2  
  107  10:23  Mutalisk  
  103  10:30  Spore Crawler  
  103  10:32  Spore Crawler  
  103  10:34  Spore Crawler  
  98  10:35  Spore Crawler  
  98  10:41  Spore Crawler  
  98  10:42  Spore Crawler  
  82  10:55  Spore Crawler  
  66  10:58  Spore Crawler x2  
  66  11:01  Spore Crawler  
  62  11:04  Spore Crawler  
  62  11:07  Drone x2  
  62  11:08  Drone  
  62  11:10  Mutalisk x5  
  62  11:11  Mutalisk x2  
  78  11:31  Corruptor x3  
  84  11:35  Zergling x4  
  84  11:36  Zergling x10  
  84  11:37  Overlord, Zergling x4  
  84  11:38  Overlord x2  
  93  11:46  Drone x2  
  95  11:57  Overseer  
  95  12:11  Adrenal Glands  
  95  12:14  Mutalisk x4  
  103  12:39  Mutalisk x2  
  103  12:40  Corruptor, Mutalisk  
  111  12:49  Drone x5  
  111  12:50  Drone  
  117  13:01  Baneling x3  
  117  13:02  Baneling x5  
  117  13:35  Corruptor x3  
  123  13:49  Hatchery  
  122  13:58  Zerg Flyer Armor Level 2  
  122  14:14  Viper  
  122  14:15  Viper  
  128  14:17  Viper x2  
  128  14:20  Zergling x4  
  128  14:21  Overlord x3  
  136  14:41  Drone x5  
  136  14:42  Drone x3  
  144  14:58  Spore Crawler  
  144  14:59  Spore Crawler  
  142  15:00  Spore Crawler  
  142  15:01  Spore Crawler  
  125  15:08  Mutalisk x4  
  110  15:23  Mutalisk x3  
  110  15:38  Ultralisk Cavern  
  96  15:47  Mutalisk x3  
  99  15:56  Mutalisk  
Tags
 
Add a new tag
Caveats
  • Supply blocks, unpowered buildings, or Contaminate may cause inaccurate times.
  • Supply counts are checked every 10 seconds.